 Dungeon Crawl Stone Soup version 0.29-a0-648-g6b26cc9f40 (webtiles) character file.

Game seed: 15238336093085704493

2058 zeratav the Archer (level 9, -4/45 HPs)
             Began as a Spriggan Arcane Marksman on June 20, 2022.
             Killed from afar by Maggie (26 damage)
             ... with a bolt of fire
             ... on level 6 of the Dungeon.
             The game lasted 00:13:07 (7094 turns).

zeratav the Archer (Spriggan Arcane Marksman)       Turns: 7094, Time: 00:13:08

Health: -4/45      AC:  2    Str:  6    XL:     9   Next: 5%
Magic:  21/21      EV: 21    Int: 15    God:
Gold:   289        SH:  0    Dex: 19    Spells: 9/10 levels left

rFire   . . .      SeeInvis +   a - +0 shortbow {bow}
rCold   . . .      Faith    .   (shield currently unavailable)
rNeg    . . .      Spirit   .   b - +0 robe
rPois   .          Reflect  .   (helmet restricted)
rElec   .          Harm     .   (no cloak)
rCorr   .          Rampage  .   (gloves unavailable)
Will    +....                   (boots unavailable)
Stlth   +++.......              (no amulet)
HPRegen 0.15/turn               m - ring of magical power
MPRegen 0.17/turn               (no ring)

@: mesmerised, very quick
A: very small, no large weapons, unfitting armour, see invisible, speed 3
a: no special abilities


You were on level 6 of the Dungeon.
You visited 1 branch of the dungeon, and saw 6 of its levels.
You also visited: Ossuary.

You collected 289 gold pieces.


Innate Abilities, Weirdness & Mutations

You are very small and have problems with some larger weapons.
You are too small for most types of armour.
You have supernaturally acute eyesight. (SInv)
You cover ground extremely quickly. (Speed+++)


   Skills:
 + Level 3.7 Fighting
 + Level 11.3 Bows
 + Level 6.6 Dodging
 - Level 5.0 Stealth
 - Level 1.3 Spellcasting
 - Level 3.6 Hexes


You had 9 spell levels left.
You knew the following spells:

 Your Spells              Type           Power      Damage    Failure   Level
a - Slow                  Hex            44%        N/A       5%          1

Your spell library contained the following spells:

 Spells                   Type           Power      Damage    Failure   Level
 Inner Flame              Hex/Fire       6%         N/A       34%         3
 Portal Projectile        Hex/Tloc       12%        N/A       34%         3
 Cause Fear               Hex            5%         N/A       47%         4

Inventory:

Hand Weapons
 a - a +0 shortbow (weapon) {bow}
 n - a +3 hunting sling of freezing {sling}
   (You found it on level 3 of the Dungeon)
Armour
 b - a +0 robe (worn)
Jewellery
 m - a ring of magical power (left hand)
   (You found it on level 2 of the Dungeon)
 p - a +6 ring of strength
   (You found it on level 3 of the Dungeon)
Wands
 x - a wand of charming (6)
   (You found it in an ossuary)
 y - a wand of flame (9)
   (You took it off Ijyb on level 5 of the Dungeon)
Scrolls
 c - 4 scrolls of vulnerability {!r!r}
 d - a scroll of fog
 k - 6 scrolls of teleportation {@r4}
 r - a scroll of enchant armour
 s - a scroll of enchant weapon
 t - 2 scrolls of immolation {!r!r}
 w - 2 scrolls of blinking {!r}
Potions
 e - a potion of magic
 g - 2 potions of attraction {!q}
 h - 2 potions of haste {@q3}
 i - 2 potions of berserk rage {unknown}
 j - 4 potions of mutation {unknown}
 l - 2 potions of might {unknown}
 o - 4 potions of curing {unknown}
 q - a potion of flight {unknown}
 u - 2 potions of invisibility {unknown}
 v - a potion of degeneration {unknown}

Dungeon Overview and Level Annotations

Branches:
Dungeon (6/15) Zot: 26795 Ossuary (visited)
 Temple: D:4-7

Altars:
Cheibriados
Kikubaaqudgha
Uskayaw
Zin

Shops:
D:4 :

Annotations:
D:6 Maggie

#........# #. #..
#########.###'## #. ##
#..##..#....#.###.####.######
.......#...)#)......#....#...
.....#....).......#....#...
....#....#.......#....##..
#..#....#+###...##...##..
#####..####....##...##...##..
..........@.@..#.............
..........#....#.........####
+###.##+###....#....##...#...
.. #....#....##...#... ..♣
#....#.........'... .
#....#.........#...
##....##..###'###...
#......#..###...##..
#......#..#......#..


You could see Maggie (mesmerising).


Message History

Press: ? - help, Q - select action, (/) - cycle Shift-Dir - straight line, f/p - Maggie
Aim: Maggie, wielding a +0 glaive and wearing +0 steam dragon scales (heavily wounded, slow, 67% to hit)
You shoot an arrow. The arrow hits Maggie.
Maggie closely misses you.
Shoot: a) +0 shortbow {bow}
Press: ? - help, Q - select action, (/) - cycle Shift-Dir - straight line, f/p - Maggie
Aim: Maggie, wielding a +0 glaive and wearing +0 steam dragon scales (heavily wounded, slow, 67% to hit)
You shoot an arrow. The arrow hits Maggie.
HP[+1] MP[+1]
Your mp is fully restored (21).
There is an open door here.
Shoot: a) +0 shortbow {bow}
Press: ? - help, Q - select action, (/) - cycle Shift-Dir - straight line, f/p - Maggie
Aim: Maggie, wielding a +0 glaive and wearing +0 steam dragon scales (heavily wounded, slow, 67% to hit)
You shoot an arrow. The arrow barely misses Maggie.
Shoot: a) +0 shortbow {bow}
Press: ? - help, Q - select action, (/) - cycle Shift-Dir - straight line, f/p - Maggie
Aim: Maggie, wielding a +0 glaive and wearing +0 steam dragon scales (heavily wounded, slow, 67% to hit)
You shoot an arrow. The arrow closely misses Maggie.
Shoot: a) +0 shortbow {bow}
Press: ? - help, Q - select action, (/) - cycle Shift-Dir - straight line, f/p - Maggie
Aim: Maggie, wielding a +0 glaive and wearing +0 steam dragon scales (heavily wounded, slow, 67% to hit)
You shoot an arrow.
The arrow hits Maggie but does no damage.
Maggie is no longer moving slowly.
Shoot: a) +0 shortbow {bow}
Press: ? - help, Q - select action, (/) - cycle Shift-Dir - straight line, f/p - Maggie
Aim: Maggie, wielding a +0 glaive and wearing +0 steam dragon scales (heavily wounded, 67% to hit)
You shoot an arrow.
The arrow hits Maggie but does no damage.
Maggie mumbles some strange words.
Maggie attempts to bespell you!
You are mesmerised by Maggie!
HP[+1] Shoot: a) +0 shortbow {bow}
Press: ? - help, Q - select action, (/) - cycle Shift-Dir - straight line, f/p - Maggie
Aim: Maggie, wielding a +0 glaive and wearing +0 steam dragon scales (heavily wounded, mesmerising, 67% to hit)
You shoot an arrow. The arrow closely misses Maggie.
Shoot: a) +0 shortbow {bow}
Press: ? - help, Q - select action, (/) - cycle Shift-Dir - straight line, f/p - Maggie
Aim: Maggie, wielding a +0 glaive and wearing +0 steam dragon scales (heavily wounded, mesmerising, 67% to hit)
You shoot an arrow.
The arrow hits Maggie but does no damage.
Maggie closely misses you.
Shoot: a) +0 shortbow {bow}
Press: ? - help, Q - select action, (/) - cycle Shift-Dir - straight line, f/p - Maggie
Aim: Maggie, wielding a +0 glaive and wearing +0 steam dragon scales (heavily wounded, mesmerising, 67% to hit)
You shoot an arrow. The arrow closely misses Maggie.
Shoot: a) +0 shortbow {bow}
Press: ? - help, Q - select action, (/) - cycle Shift-Dir - straight line, f/p - Maggie
Aim: Maggie, wielding a +0 glaive and wearing +0 steam dragon scales (heavily wounded, mesmerising, 67% to hit)
You shoot an arrow. The arrow hits Maggie.
Maggie misses you.
Shoot: a) +0 shortbow {bow}
Press: ? - help, Q - select action, (/) - cycle Shift-Dir - straight line, f/p - Maggie
Aim: Maggie, wielding a +0 glaive and wearing +0 steam dragon scales (heavily wounded, mesmerising, 67% to hit)
You shoot an arrow.
The arrow hits Maggie but does no damage.
Maggie barely misses you.
Shoot: a) +0 shortbow {bow}
Press: ? - help, Q - select action, (/) - cycle Shift-Dir - straight line, f/p - Maggie
Aim: Maggie, wielding a +0 glaive and wearing +0 steam dragon scales (heavily wounded, mesmerising, 67% to hit)
You shoot an arrow.
The arrow hits Maggie but does no damage.
Maggie barely misses you.
Shoot: a) +0 shortbow {bow}
Press: ? - help, Q - select action, (/) - cycle Shift-Dir - straight line, f/p - Maggie
Aim: Maggie, wielding a +0 glaive and wearing +0 steam dragon scales (heavily wounded, mesmerising, 67% to hit)
You shoot an arrow.
The arrow hits Maggie but does no damage.
Maggie hits you from afar with a +0 glaive!
* * * LOW HITPOINT WARNING * * *
HP[-15]
You take 15 damage, and now have 22/45 hp.
MASSIVE DAMAGE!! (PAUSE) Shoot: a) +0 shortbow {bow}
Press: ? - help, Q - select action, (/) - cycle Shift-Dir - straight line, f/p - Maggie
Aim: Maggie, wielding a +0 glaive and wearing +0 steam dragon scales (heavily wounded, mesmerising, 67% to hit)
You shoot an arrow. The arrow hits Maggie.
Maggie closely misses you.
Shoot: a) +0 shortbow {bow}
Press: ? - help, Q - select action, (/) - cycle Shift-Dir - straight line, f/p - Maggie
Aim: Maggie, wielding a +0 glaive and wearing +0 steam dragon scales (heavily wounded, mesmerising, 67% to hit)
You shoot an arrow. The arrow hits Maggie!
Maggie closely misses you.
Shoot: a) +0 shortbow {bow}
Press: ? - help, Q - select action, (/) - cycle Shift-Dir - straight line, f/p - Maggie
Aim: Maggie, wielding a +0 glaive and wearing +0 steam dragon scales (severely wounded, mesmerising, 67% to hit)
You shoot an arrow. The arrow hits Maggie!
Maggie gestures at you while chanting. The bolt of fire misses you.
Shoot: a) +0 shortbow {bow}
Press: ? - help, Q - select action, (/) - cycle Shift-Dir - straight line, f/p - Maggie
Aim: Maggie, wielding a +0 glaive and wearing +0 steam dragon scales (almost dead, mesmerising, 67% to hit)
You shoot an arrow. The arrow barely misses Maggie.
Maggie casts a spell at you. The bolt of fire hits you!!
Ouch! That really hurt!
You die...

Skill      XL: |  1  2  3  4  5  6  7  8 |
---------------+-------------------------+-----
Stealth        | 2 4 5 |  5.0
Bows           | 3 5 6 8 10 11 | 11.3
Fighting       | 1 3 |  3.7
Dodging        | 3 6 |  6.6
Spellcasting   | |  1.3
Hexes          | |  3.6

Action                   |  1- 3 |  4- 6 |  7- 9 || total
-------------------------+-------+-------+-------++-------
 Fire: Shortbow          |   118 |       |   356 ||   474
       Hunting sling     |     5 |   123 |       ||   128
 Cast: Slow              |     4 |     6 |    23 ||    33
  Use: Scroll            |       |       |     8 ||     8
Armor: Robe              |    10 |     8 |    10 ||    28
Dodge: Dodged            |    73 |    57 |   106 ||   236

Levels and vault maps discovered:
D:1:      dpeg_arrival_stonehenge_8_columns, layout_basic,
          hellmonk_ecumenical_altar_lost_god
D:2:      layout_basic, basic_altar
D:3:      layout_loops_ring
D:4:      layout_basic, nicolae_overflow_hidden_temple, nicolae_stop_n_shop_2
D:5:      cheibrodos_helix_gallery, layout_cave_pools,
          nicolae_ossuary_entry_catacombs, gammafunk_ghost_split, uniq_ijyb
D:6:      layout_gridville, nicolae_hepliaklqana_hazy_memory,
          minmay_temple_entry_trees, uniq_maggie

Notes
Turn   | Place    | Note
-------+----------+-------------------------------------------
     0 | D:1      | zeratav the Spriggan Arcane Marksman began the quest for
                  | the Orb.
     0 | D:1      | Reached XP level 1. HP: 9/9 MP: 3/3
     0 | D:1      | magus.rc [v1.9.6]
    35 | D:1      | Reached skill level 1 in Stealth
    40 | D:1      | Reached skill level 2 in Stealth
    77 | D:1      | Reached XP level 2. HP: 14/14 MP: 5/5
    84 | D:1      | Reached skill level 3 in Stealth
   108 | D:1      | HP: 3/14 [jackal (1)]
   374 | D:1      | Found a faded altar of an unknown god.
   493 | D:1      | Reached skill level 4 in Stealth
   564 | D:1      | Reached XP level 3. HP: 17/17 MP: 6/6
  1169 | D:2      | Found a glowing silver altar of Zin.
  1179 | D:2      | Reached skill level 5 in Stealth
  1472 | D:2      | Reached skill level 3 in Bows
  2047 | D:3      | Reached XP level 4. HP: 21/21 MP: 7/7
  2324 | D:3      | Reached skill level 4 in Bows
  2524 | D:3      | Reached skill level 5 in Bows
  2524 | D:3      | Reached XP level 5. HP: 13/25 MP: 8/8
  2837 | D:4      | HP: 1/25 [orc priest/divine providence (12)]
  3166 | D:4      | Found Boesepl Pulu's Book Shoppe.
  3213 | D:4      | Noticed a black bear
  3226 | D:4      | Killed a black bear
  3227 | D:4      | Reached skill level 6 in Bows
  3227 | D:4      | Reached XP level 6. HP: 29/29 MP: 9/9
  3323 | D:4      | Reached skill level 7 in Bows
  3429 | D:4      | Reached skill level 8 in Bows
  3633 | D:4      | HP: 5/29 [orc priest/divine providence (13)]
  4040 | D:4      | Reached XP level 7. HP: 9/32 MP: 10/10
  4336 | D:4      | Reached skill level 9 in Bows
  4803 | D:4      | Found a hide-covered altar of Uskayaw.
  4813 | D:4      | Found a snail-covered altar of Cheibriados.
  4815 | D:4      | Found an ancient bone altar of Kikubaaqudgha.
  4998 | D:5      | Entered Level 5 of the Dungeon
  5036 | D:5      | Found a runed translucent gate.
  5037 | D:5      | Found a runed translucent gate.
  5109 | D:5      | Found a runed translucent gate.
  5452 | D:5      | Found a sand-covered staircase.
  5474 | D:5      | Reached skill level 10 in Bows
  5486 | Ossuary  | Entered an ossuary
  5565 | Ossuary  | Reached skill level 1 in Fighting
  5565 | Ossuary  | Reached skill level 3 in Dodging
  5867 | Ossuary  | Reached XP level 8. HP: 37/37 MP: 11/11
  5932 | D:5      | Noticed Ijyb
  5942 | D:5      | Killed Ijyb
  6125 | D:5      | Reached skill level 4 in Dodging
  6169 | D:5      | Reached skill level 2 in Fighting
  6515 | D:5      | Noticed freelancePsychic's ghost (amateur DsCK)
  6595 | D:5      | Reached skill level 5 in Dodging
  6734 | D:5      | Killed freelancePsychic's ghost
  6735 | D:5      | Reached skill level 3 in Fighting
  6735 | D:5      | Reached skill level 11 in Bows
  6752 | D:5      | Reached skill level 6 in Dodging
  6956 | D:6      | Reached XP level 9. HP: 45/45 MP: 12/12
  7061 | D:6      | Noticed Maggie
  7094 | D:6      | Killed from afar by Maggie

Vanquished Creatures
  The ghost of freelancePsychic the Skirmisher, an amateur DsCK of Nemelex Xobeh (D:5)
  A steam dragon (D:6)
  A water moccasin (D:6)
  3 black bears (D:4)
  An ogre (D:5)
  A phantom (D:4)
  A bullfrog (D:4)
  A necrophage (D:5)
  4 scorpions
  An elf skeleton (D:5)
  A wight (D:5)
  2 water moccasin zombies (Ossuary)
  A howler monkey (D:5)
  5 hounds (D:5)
  2 jellies
  Ijyb (D:5)
  2 human skeletons (D:5)
  An iguana (D:4)
  An orc wizard (D:4)
  2 mummies (Ossuary)
  3 gnolls (D:3)
  6 adders
  A white imp (D:5)
  4 adder zombies (Ossuary)
  A worm (D:4)
  10 orcs
  5 ball pythons
  8 bats
  10 endoplasms
  5 gnoll zombies (Ossuary)
  4 goblins
  14 hobgoblins
  19 jackals
  A quokka (D:2)
  3 frilled lizards
  3 hobgoblin zombies (Ossuary)
  3 kobolds
  3 kobold zombies (Ossuary)
  2 orc skeletons (D:5)
  2 orc zombies
  2 rats (D:1)
142 creatures vanquished.

Vanquished Creatures (others)
  A plant (D:6)
1 creature vanquished.

Grand Total: 143 creatures vanquished

Table legend:
 A = Non-vault XP
 B = Vault XP
 C = Vault XP percentage of total XP
 D = Non-vault monster count
 E = Vault monster count
 F = Vault count percentage of total count
                 A         B        C        D         E       F
            +---------+---------+-------+---------+---------+-------
      Total |    1821 |    1119 |  38.1 |     107 |      35 |  24.6
            +---------+---------+-------+---------+---------+-------
        D:1 |      51 |       0 |   0.0 |      28 |       0 |   0.0
        D:2 |      28 |       0 |   0.0 |      12 |       0 |   0.0
        D:3 |     126 |       0 |   0.0 |      34 |       0 |   0.0
        D:4 |     764 |       0 |   0.0 |      13 |       0 |   0.0
        D:5 |     460 |     900 |  66.2 |      13 |      15 |  53.6
        D:6 |     392 |       0 |   0.0 |       7 |       0 |   0.0
    Ossuary |       0 |     219 | 100.0 |       0 |      20 | 100.0
            +---------+---------+-------+---------+---------+-------

Illustrated notes

Table legend:
 A = Kills in this place as a percentage of kills in entire the game.
 B = Kills by you in this place as a percentage of kills by you in the entire game.
 C = Kills by friends in this place as a percentage of kills by friends in the entire game.
 D = Other kills in this place as a percentage of other kills in the entire game.
 E = Experience gained in this place as a percentage of experience gained in the entire game.
 F = Experience gained in this place divided by the number of levels of this place that you have seen.
                   A       B       C       D       E      F
               +-------+-------+-------+-------+-------+----------------------
         Total | 100.0 | 100.0 |   N/A |   N/A | 100.0 | 420.0
       Dungeon |  85.9 |  85.9 |   N/A |   N/A |  92.6 | 453.5
       Ossuary |  14.1 |  14.1 |   N/A |   N/A |   7.4 | 219.0
               +-------+-------+-------+-------+-------+----------------------

Table legend: (Time is in decaauts)
 A = Elapsed time spent in this place.
 B = Non-inter-level travel time spent in this place.
 C = Inter-level travel time spent in this place.
 D = Time resting spent in this place.
 E = Time spent auto-exploring this place.
 F = Levels seen in this place.
 G = Mean time per level.
                   A        B        C        D        E       F      G
               +--------+--------+--------+--------+--------+-----+--------+
         Total |   5602 |   5482 |    120 |   1917 |   2362 |   7 |  800.3 |
       Dungeon |   5217 |   5097 |    120 |   1788 |   2211 |   6 |  869.5 |
       Ossuary |    384 |    384 |      0 |    129 |    150 |   1 |  384.0 |
               +--------+--------+--------+--------+--------+-----+--------+

Top non-repeatable levels by time:
     D:4: 1498 daAuts
     D:5: 1106 daAuts
     D:3: 1066 daAuts
     D:1: 697 daAuts
     D:2: 644 daAuts
 Ossuary: 384 daAuts
     D:6: 203 daAuts
